SNL (28 & UNDER)
GAINESVILLE GUIDOS @ SALEM SILVER SOULS
09/01/2024
 
TOP OF THE 1ST
Gainesville Guidos batting - Pitching for Salem Silver Souls : LHP Francisco Nieto
Pitching: LHP Francisco Nieto
Batting: RHB Iván Moreno 0-0: Ball
1-0: Swinging Strike
1-1: Ball
2-1: Ground out 4-3 (Groundball, 4M)
Batting: RHB Pedro Mata 0-0: Ball
1-0: Fly out, F7 (Line Drive, 78M)
Batting: LHB Ed Hart 0-0: Called Strike
0-1: Called Strike
0-2: Strikes out swinging
Top of the 1st over - 0 run(s), 0 hit(s), 0 error(s), 0 left on base; Gainesville 0 - Salem 0
BOTTOM OF THE 1ST
Salem Silver Souls batting - Pitching for Gainesville Guidos : RHP Jimmy Bradley
Pitching: RHP Jimmy Bradley
Batting: LHB Raúl Cordero 0-0: Ball
1-0: Called Strike
1-1: Called Strike
1-2: Foul Ball, location: 2F
1-2: Hit by Pitch
Batting: SHB Todd Smith 0-0: Called Strike
0-1: Ball
1-1: Ball
2-1: Swinging Strike
2-2: SINGLE (Groundball, 6M)
Raúl Cordero to second
Batting: RHB Lonson Seals 0-0: Called Strike
0-1: Ball
1-1: Ball
2-1: Foul Ball, location: 2F
2-2: Fielders Choice at 2nd, 6-4 (Groundball, 56)
Raúl Cordero to third
Batting: LHB Bill Smith 0-0: Called Strike
0-1: Swinging Strike
0-2: Ball
1-2: Strikes out swinging
Batting: LHB Jeff Doss 0-0: Called Strike
0-1: Ground out 4-3 (Groundball, 4)
Bottom of the 1st over - 0 run(s), 1 hit(s), 0 error(s), 2 left on base; Gainesville 0 - Salem 0
TOP OF THE 2ND
Gainesville Guidos batting - Pitching for Salem Silver Souls : LHP Francisco Nieto
Batting: LHB Mark Owens 0-0: Called Strike
0-1: Ground out 4-3 (Groundball, 4)
Batting: LHB Ed Murray 0-0: Ball
1-0: Ground out 4-3 (Groundball, 4)
Batting: RHB Kyle O'Day 0-0: Called Strike
0-1: Ball
1-1: Fly out, F9 (Flyball, 9M)
Top of the 2nd over - 0 run(s), 0 hit(s), 0 error(s), 0 left on base; Gainesville 0 - Salem 0
BOTTOM OF THE 2ND
Salem Silver Souls batting - Pitching for Gainesville Guidos : RHP Jimmy Bradley
Batting: RHB Juan López 0-0: Called Strike
0-1: Foul Ball, location: 2F
0-2: Ball
1-2: Ball
2-2: Foul Ball, location: 2F
2-2: Foul Ball, location: 2F
2-2: Ground out 6-3 (Groundball, 6M)
Batting: RHB Willie Houk 0-0: Called Strike
0-1: Ball
1-1: Ball
2-1: Ball
3-1: Swinging Strike
3-2: Strikes out swinging
Batting: RHB Alejandro Martínez 0-0: Fly out, F9 (Flyball, 9M)
Bottom of the 2nd over - 0 run(s), 0 hit(s), 0 error(s), 0 left on base; Gainesville 0 - Salem 0
TOP OF THE 3RD
Gainesville Guidos batting - Pitching for Salem Silver Souls : LHP Francisco Nieto
Batting: LHB Eddy Jefferson 0-0: Called Strike
0-1: Called Strike
0-2: Ball
1-2: Ball
2-2: Strikes out looking
Batting: RHB Noriyori Ine 0-0: Ground out 6-3 (Groundball, 6M)
Batting: LHB Ramón Durán 0-0: Ball
1-0: Called Strike
1-1: DOUBLE (Line Drive, 7LM)
Batting: RHB Iván Moreno 0-0: Swinging Strike
0-1: Foul Ball, location: 2F
0-2: Strikes out swinging
Top of the 3rd over - 0 run(s), 1 hit(s), 0 error(s), 1 left on base; Gainesville 0 - Salem 0
BOTTOM OF THE 3RD
Salem Silver Souls batting - Pitching for Gainesville Guidos : RHP Jimmy Bradley
Batting: RHB Anthony Wells 0-0: Ball
1-0: Called Strike
1-1: Foul Ball, location: 2F
1-2: Ball
2-2: Foul Ball, location: 2F
2-2: SINGLE (Groundball, 6M)
Batting: LHB Raúl Cordero 0-0: Ball
1-0: Called Strike
1-1: DOUBLE (Groundball, 3L)
Anthony Wells to third
Batting: SHB Todd Smith 0-0: SINGLE (Groundball, 34S)
Anthony Wells scores
Raúl Cordero to third
Batting: RHB Lonson Seals 0-0: Ball
1-0: Fielders Choice at 2nd, 3-6 (Groundball, 3)
Raúl Cordero scores
Batting: LHB Bill Smith 0-0: Called Strike
0-1: Ball
1-1: Ball
Lonson Seals steals 2nd base
2-1: Ball
3-1: 2-RUN HOME RUN (Flyball, 9LD), Distance : 345 ft
Batting: LHB Jeff Doss 0-0: Ball
1-0: Ball
2-0: Swinging Strike
2-1: Foul Ball, location: 2F
2-2: Ball
3-2: Ground out 4-3 (Groundball, 4)
Batting: RHB Juan López 0-0: Called Strike
0-1: SINGLE (Groundball, 56D)
Batting: RHB Willie Houk 0-0: Called Strike
0-1: Foul Ball, location: 2F
0-2: Foul Ball, location: 2F
0-2: DOUBLE (Flyball, 8RXD)
Juan López to third
Batting: RHB Alejandro Martínez 0-0: Called Strike
0-1: Ball
1-1: Fly out, F8 (Line Drive, 8LM)
Bottom of the 3rd over - 4 run(s), 6 hit(s), 0 error(s), 2 left on base; Gainesville 0 - Salem 4
TOP OF THE 4TH
Gainesville Guidos batting - Pitching for Salem Silver Souls : LHP Francisco Nieto
Batting: RHB Pedro Mata 0-0: Called Strike
0-1: Foul Ball, location: 2F
0-2: Ball
1-2: SINGLE (Line Drive, 56D)
Batting: LHB Ed Hart 0-0: Ball
1-0: Ball
2-0: Called Strike
2-1: SINGLE (Line Drive, 78S)
Pedro Mata to second
Batting: LHB Mark Owens 0-0: DOUBLE (Line Drive, 8LM)
Pedro Mata scores
Ed Hart to third
Pinch Runner at 2nd José Ortega:
Batting: LHB Ed Murray 0-0: Ball
1-0: Foul Ball, location: 2F
1-1: Called Strike
1-2: Fly out, F8 (Flyball, 8RS)
Batting: RHB Kyle O'Day 0-0: Called Strike
0-1: Ball
1-1: Foul Ball, location: 2F
1-2: Foul Ball, location: 2F
1-2: Fly out, F6 (Popup, 6D)
Batting: LHB Eddy Jefferson 0-0: Ball
1-0: Ball
2-0: Ball
3-0: Called Strike
3-1: Foul Ball, location: 2F
3-2: Base on Balls
Batting: RHB Noriyori Ine 0-0: Ball
1-0: Called Strike
1-1: Called Strike
1-2: Strikes out looking
Top of the 4th over - 1 run(s), 3 hit(s), 0 error(s), 3 left on base; Gainesville 1 - Salem 4
BOTTOM OF THE 4TH
Salem Silver Souls batting - Pitching for Gainesville Guidos : RHP Jimmy Bradley
Now at 2B: José Ortega
Batting: RHB Anthony Wells 0-0: Ball
1-0: Ball
2-0: Called Strike
2-1: Ball
3-1: Base on Balls
Batting: LHB Raúl Cordero 0-0: Ball
1-0: Swinging Strike
1-1: SINGLE (Groundball, 34)
Anthony Wells to second
Runner from 2nd tries for 3rd, SAFE, no throw or cutoff
Batting: SHB Todd Smith 0-0: Ball
1-0: Ball
2-0: Called Strike
2-1: SINGLE (Groundball, 6MD)
Anthony Wells scores
Raúl Cordero to second
Pitching: LHP Dave Blackwell
Batting: RHB Lonson Seals 0-0: Swinging Strike
0-1: Ball
1-1: Foul Ball, location: 2F
1-2: Ball
2-2: Ball
3-2: Ground out 5-3 (Groundball, 56S)
Raúl Cordero to third
Todd Smith to second
Batting: LHB Bill Smith 0-0: Called Strike
0-1: Fly out, F7 (Flyball, 8LS)
Runner from 3rd tags up, SCORES, no throw
Batting: LHB Jeff Doss 0-0: Swinging Strike
0-1: Ball
1-1: Called Strike
1-2: Strikes out swinging
Bottom of the 4th over - 2 run(s), 2 hit(s), 0 error(s), 1 left on base; Gainesville 1 - Salem 6
TOP OF THE 5TH
Gainesville Guidos batting - Pitching for Salem Silver Souls : LHP Francisco Nieto
Batting: LHB Ramón Durán 0-0: Ball
1-0: Fly out, F4 (Popup, 4MD)
Batting: RHB Iván Moreno 0-0: Ball
1-0: Called Strike
1-1: Foul Ball, location: 2F
1-2: Ball
2-2: SINGLE (Flyball, 8RS)
Batting: RHB Pedro Mata 0-0: SINGLE (Line Drive, 56)
Iván Moreno to second
Batting: LHB Ed Hart 0-0: Ball
1-0: Foul Ball, location: 2F
1-1: Fly out, F9 (Flyball, 89S)
Batting: RHB José Ortega 0-0: Ball
1-0: Called Strike
1-1: Called Strike
1-2: Fly out, F7 (Flyball, 78S)
Top of the 5th over - 0 run(s), 2 hit(s), 0 error(s), 2 left on base; Gainesville 1 - Salem 6
BOTTOM OF THE 5TH
Salem Silver Souls batting - Pitching for Gainesville Guidos : LHP Dave Blackwell
Batting: RHB Juan López 0-0: Ball
1-0: Foul Ball, location: 2F
1-1: Foul Ball, location: 2F
1-2: Ball
2-2: Ball
3-2: Ground out 6-3 (Groundball, 6)
Batting: RHB Willie Houk 0-0: Ground out 6-3 (Groundball, 6M)
Batting: RHB Alejandro Martínez 0-0: Called Strike
0-1: Ball
1-1: Ground out 5-3 (Groundball, 56)
Bottom of the 5th over - 0 run(s), 0 hit(s), 0 error(s), 0 left on base; Gainesville 1 - Salem 6
TOP OF THE 6TH
Gainesville Guidos batting - Pitching for Salem Silver Souls : LHP Francisco Nieto
Batting: LHB Ed Murray 0-0: Ball
1-0: Ground out 4-3 (Groundball, 4)
Batting: RHB Kyle O'Day 0-0: Called Strike
0-1: Foul Ball, location: 2F
0-2: Foul Ball, location: 2F
0-2: Foul Ball, location: 2F
0-2: Ball
1-2: Strikes out swinging
Batting: LHB Eddy Jefferson 0-0: Called Strike
0-1: Ball
1-1: Called Strike
1-2: Ball
2-2: Foul Ball, location: 2F
2-2: Ball
3-2: Foul Ball, location: 2F
3-2: Strikes out swinging
Top of the 6th over - 0 run(s), 0 hit(s), 0 error(s), 0 left on base; Gainesville 1 - Salem 6
BOTTOM OF THE 6TH
Salem Silver Souls batting - Pitching for Gainesville Guidos : LHP Dave Blackwell
Batting: RHB Anthony Wells 0-0: Called Strike
0-1: Ground out 5-3 (Groundball, 56)
Batting: LHB Raúl Cordero 0-0: Called Strike
0-1: Ball
1-1: Ball
2-1: Foul Ball, location: 2F
2-2: Ground out 6-3 (Groundball, 6M)
Batting: SHB Todd Smith 0-0: Ball
1-0: Called Strike
1-1: Ground out 6-3 (Groundball, 6M)
Bottom of the 6th over - 0 run(s), 0 hit(s), 0 error(s), 0 left on base; Gainesville 1 - Salem 6
TOP OF THE 7TH
Gainesville Guidos batting - Pitching for Salem Silver Souls : LHP Francisco Nieto
Pitching: RHP Javier Valenzuela
Batting: RHB Noriyori Ine 0-0: Ball
1-0: Ground out 1-3 (Groundball, 13S)
Batting: LHB Ramón Durán 0-0: Swinging Strike
0-1: Called Strike
0-2: Ball
1-2: Strikes out swinging
Batting: RHB Iván Moreno 0-0: Swinging Strike
0-1: Ball
1-1: Swinging Strike
1-2: SINGLE (Line Drive, 8RS)
Batting: RHB Pedro Mata 0-0: Ball
1-0: Called Strike
1-1: Fly out, F9 (Flyball, 9LM)
Top of the 7th over - 0 run(s), 1 hit(s), 0 error(s), 1 left on base; Gainesville 1 - Salem 6
BOTTOM OF THE 7TH
Salem Silver Souls batting - Pitching for Gainesville Guidos : LHP Dave Blackwell
Pitching: RHP Marlon Ryan
Batting: RHB Lonson Seals 0-0: Called Strike
0-1: SINGLE (Line Drive, 34D)
Batting: LHB Bill Smith 0-0: Ball
Wild Pitch!
Lonson Seals to second
1-0: Called Strike
1-1: Swinging Strike
1-2: Strikes out swinging
Batting: LHB Jeff Doss 0-0: Called Strike
0-1: DOUBLE (Line Drive, 89S)
Lonson Seals scores
Batting: RHB Juan López 0-0: Ball
1-0: Ball
2-0: Foul Ball, location: 2F
2-1: Called Strike
2-2: Strikes out swinging
Batting: RHB Willie Houk 0-0: Ball
1-0: Called Strike
1-1: Fly out, F6 (Popup, 6D)
Bottom of the 7th over - 1 run(s), 2 hit(s), 0 error(s), 1 left on base; Gainesville 1 - Salem 7
TOP OF THE 8TH
Gainesville Guidos batting - Pitching for Salem Silver Souls : RHP Javier Valenzuela
Batting: LHB Ed Hart 0-0: Called Strike
0-1: Ball
1-1: Ball
2-1: Swinging Strike
2-2: Foul Ball, location: 2F
2-2: Ball
3-2: Strikes out swinging
Batting: RHB José Ortega 0-0: Ball
1-0: Swinging Strike
1-1: Fly out, F6 (Line Drive, 6)
Batting: LHB Ed Murray 0-0: Foul Ball, location: 2F
0-1: Fly out, F6 (Popup, 4MD)
Top of the 8th over - 0 run(s), 0 hit(s), 0 error(s), 0 left on base; Gainesville 1 - Salem 7
BOTTOM OF THE 8TH
Salem Silver Souls batting - Pitching for Gainesville Guidos : RHP Marlon Ryan
Batting: RHB Alejandro Martínez 0-0: Called Strike
0-1: Ball
1-1: Swinging Strike
1-2: Ball
2-2: Ball
3-2: Strikes out looking
Batting: RHB Anthony Wells 0-0: Swinging Strike
0-1: Ball
1-1: Swinging Strike
1-2: Strikes out swinging
Batting: LHB Raúl Cordero 0-0: Ball
1-0: Foul Ball, location: 2F
1-1: Ball
2-1: Foul Ball, location: 2F
2-2: Foul Ball, location: 2F
2-2: Fly out, F8 (Line Drive, 8RM)
Bottom of the 8th over - 0 run(s), 0 hit(s), 0 error(s), 0 left on base; Gainesville 1 - Salem 7
TOP OF THE 9TH
Gainesville Guidos batting - Pitching for Salem Silver Souls : RHP Javier Valenzuela
Batting: RHB Kyle O'Day 0-0: Ball
1-0: Ground out 6-3 (Groundball, 6)
Batting: LHB Eddy Jefferson 0-0: SINGLE (Line Drive, 8LS)
Batting: RHB Noriyori Ine 0-0: Ball
1-0: Ball
2-0: Swinging Strike
2-1: Ball
3-1: Called Strike
3-2: Base on Balls
Eddy Jefferson to second
Batting: LHB Ramón Durán 0-0: Foul Ball, location: 2F
0-1: Ball
1-1: Fly out, F6 (Popup, 5D)
Batting: RHB Iván Moreno 0-0: Ground out 4-3 (Groundball, 4)
Top of the 9th over - 0 run(s), 1 hit(s), 0 error(s), 2 left on base; Gainesville 1 - Salem 7
This league is powered by Out of the Park Baseball, the baseball management simulation game for PC, Mac and Linux
Saturday, April 9th, 2016 - OOTP Baseball 16.8 Build 38